[Event "Late-Titled-Tuesday-Blitz-January-30-2024"]
[Site "Chess.com"]
[Date "2024.01.30"]
[Round "2"]
[White "gmtalentoso"]
[Black "ChessBrainiacOnTwitch"]
[Result "1/2-1/2"]
[WhiteElo "2418"]
[BlackElo "2800"]
[TimeControl "180+1"]
[EndTime "14:18:41 PST"]
[Termination "Game drawn by repetition"]

1. e4 c5 2. Nc3 d6 3. f4 g6 4. Nf3 Bg7 5. Bc4 Nc6 6. O-O a6 7. d3 b5 8. Bd5 Bb7 9. f5 Nf6 10. Qe1 b4 11. Ne2 Nxd5 12. exd5 Ne5 13. Nxe5 dxe5 14. Ng3 Qxd5 15. Ne4 c4 16. Qxb4 cxd3 17. cxd3 O-O 18. Bg5 f6 19. Bh4 Rfe8 20. Rad1 Rad8 21. Kh1 a5 22. Qb3 Qxb3 23. axb3 g5 24. Bf2 Bd5 25. Nc5 Rb8 26. Ra1 Rb5 27. Ra3 Rc8 28. Rfa1 Rcxc5 29. Bxc5 Rxc5 30. Rxa5 Rxa5 31. Rxa5 Bxb3 32. Rb5 Bc2 33. Rb7 Bxd3 34. b4 e4 35. Kg1 e3 36.
b5 Bf8 37. Rb8 Kf7 38. b6 Ba6 39. b7 Bh6 40. Rf8+ Bxf8 41. b8=Q Bc4 42. Qb4 Bd5 43. Qd4 e6 44. fxe6+ Bxe6 45. Qxe3 h5 46. Qa7+ Be7 47. h3 h4 48. Kf2 Bd5 49. Qd4 Ke6 50.
Qb6+ Bd6 51. Qa6 Ke5 52. Qe2+ Kf5 53. Qd3+ Ke6 54. Qe2+ Kd7 55. Qd3 Be6 56. Qb5+ Ke7 57. Qb7+ Bd7 58. Qe4+ Kf7 59. Qd5+ Ke7 60. Qe4+ Be6 61.
Qb7+ Bd7 62. Qe4+ 1/2-1/2

[Event "Late-Titled-Tuesday-Blitz-January-30-2024"]
[Site "Chess.com"]
[Date "2024.01.30"]
[Round "2"]
[White "a-z30"]
[Black "GothamChess"]
[Result "1/2-1/2"]
[WhiteElo "2519"]
[BlackElo "2748"]
[TimeControl "180+1"]
[EndTime "14:18:42 PST"]
[Termination "Game drawn - insufficient material"]

1. d3 b6 2. Nf3 Bb7 3. g3 g6 4.
Bg2 Bg7 5. O-O f5 6. c4 Nf6 7. Nc3 O-O 8. Qc2 d6 9. b3 e5 10.
Bb2 Nc6 11. Nd5 Ne7 12. Nxf6+ Bxf6 13. b4 c5 14. bxc5 bxc5 15. Rab1 Bc6 16. Bc3 Qd7 17. Qd2 Kg7 18. Rb2 Rab8 19. Rfb1 Rxb2 20. Qxb2 Qc7 21. Ne1 Bxg2 22. Nxg2 d5 23. cxd5 Nxd5 24. Qb7 Qxb7 25. Rxb7+ Rf7 26. Rxf7+ Kxf7 27. Bd2 Ke6 28. e4 Nb4 29. Bxb4 cxb4 30. Ne3 a5 31. Nc4 a4 32. Kf1 Kd7 33. Nb6+ Kc6 34. Nxa4 Kb5 35. Nb2 Bg5 36. Ke2 Bc1 37. Nc4 fxe4 38. Nxe5 exd3+ 39. Kxd3 Ka4 40. Nc4 Bg5 41. f4 Be7 42. g4 Kb5 43. Kd4 h5 44.
gxh5 gxh5 45. f5 h4 46. Kd5 h3 47. Ke6 Bh4 48. Ne5 Ka4 49. Nf3 Bd8 50. Kd5 Ka3 51.
Kc4 Kxa2 52. Kxb4 Kb2 53. Kc4 Kc2 54. Ng1 Kd2 55. Nxh3 Ke3 56. Kd5 Kf3 57. Ke6 Kg2 58. Nf4+ Kxh2 59. Nd5 Bg5 60. Nf4 Bxf4 61. f6 Bh6 62. f7 Kg3 63. Kf5 Bf8 64. Kg6 Bd6 65. Kh7 Bc5 66. Kg8 Bb4 67. f8=Q Bxf8 1/2-1/2

[Event "Late-Titled-Tuesday-Blitz-January-30-2024"]
[Site "Chess.com"]
[Date "2024.01.30"]
[Round "2"]
[White "Karina_Ivanova"]
[Black "koncheto"]
[Result "0-1"]
[WhiteElo "2279"]
[BlackElo "2519"]
[TimeControl "180+1"]
[EndTime "14:18:42 PST"]
[Termination "koncheto won on time"]

1. d4 Nf6 2. c4 e6 3. g3 c5 4. Nf3 cxd4 5. Nxd4 Nc6 6. Bg2 Be7 7. O-O O-O 8. Nc3 a6 9. e4 Qc7 10. Be3 d6 11. Rc1 Nxd4 12. Bxd4 Bd7 13. b3 Rac8 14. Qe2 Qb8 15. Rfd1 b5 16. e5 dxe5 17. Bxe5 Qa7 18. cxb5 axb5 19. Nxb5 Bxb5 20. Qxb5 Rxc1 21. Rxc1 Qxa2 22.
Qc4 h5 23. h3 Rd8 24. Bf4 Nd5 25. Bxd5 Rxd5 26. Qc2 Qa7 27. Be3 Qa5 28. Rd1 g6 29. Rxd5 Qxd5 30. Qc4 Qf5 31. Kg2 h4 32. g4 Qa5 33. Qc8+ Kg7 34. Qc4 Bf6 35. Bd4 e5 36.
Be3 Be7 37. Qe4 Qb5 38. Qc4 Qb7+ 39. Kg1 Qd7 40. Kg2 f5 41. gxf5 gxf5 42. b4 f4 43. Bc5 Qc6+ 44. Kh2 Bxc5 45. bxc5 Kf6 46. Kg1 Qf3 47.
Qa6+ Kg5 48. Qf1 Qc3 49. Qg2+ Kf6 50. Qg4 Qxc5 51. Qxh4+ Kf5 52. Qh5+ Ke4 53. Qg6+ Kd4 54. Qf6 Qd5 55. Qf5 Kc3 56. Qc8+ Kd2 0-1

[Event "Late-Titled-Tuesday-Blitz-January-30-2024"]
[Site "Chess.com"]
[Date "2024.01.30"]
[Round "2"]
[White "ameetghasi100"]
[Black "KamlaPasand"]
[Result "1-0"]
[WhiteElo "2748"]
[BlackElo "2486"]
[TimeControl "180+1"]
[EndTime "14:18:43 PST"]
[Termination "ameetghasi100 won by resignation"]

1. c4 Nf6 2. Nc3 d6 3. d4 g6 4. e3 Bg7 5. Nf3 O-O 6. Be2 Nbd7 7. O-O e5 8. b4 b6 9. Bb2 Bb7 10. d5 Ne8 11. a3 h6 12. Qb3 f5 13. Rac1 Nef6 14.
Rfd1 g5 15. Qc2 g4 16. Nh4 f4 17. Ng6 f3 18. Bf1 Rf7 19. Ne4 Nf8 20. Ng3 Bc8 21. c5 h5 22. cxd6 cxd6 23. Bd3 h4 24. Nxh4 e4 25. Bf1 N8h7 26. Ng6 Ng5 27. Nf4 Qe8 28. a4 fxg2 29. Bxg2 Nf3+ 30. Bxf3 exf3 31. Qg6 Bd7 32. b5 Qe7 33. Rc7 Raf8 34. Ne6 Nxd5 35. Nxg7 Rf6 36.
N7f5+ Rxg6 37. Nxe7+ Nxe7 38. Rxd7 Nf5 39. Nxf5 Rxf5 40.
R7xd6 Rxd6 41. Rxd6 Rc5 42. Rd1 Rc2 43. Rb1 Kf7 44. e4 Kg6 45. e5 Kf5 46. Bd4 Ke4 47. Ba1 Kf5 48. Re1 Ke6 49. Bd4 Re2 50. Rd1 Kd5 51. h3 gxh3 52. Bxb6+ Kxe5 53. Be3 Kf5 54. Kh2 Ke4 55. Kxh3 Ra2 56. Rd4+ Kf5 57. Rf4+ Ke5 58. Rh4 Rxa4 59. Rxa4 Kd5 1-0

[Event "Late-Titled-Tuesday-Blitz-January-30-2024"]
[Site "Chess.com"]
[Date "2024.01.30"]
[Round "2"]
[White "Baby_Legs"]
[Black "Quattroporte300"]
[Result "1-0"]
[WhiteElo "2613"]
[BlackElo "2374"]
[TimeControl "180+1"]
[EndTime "14:18:43 PST"]
[Termination "Baby_Legs won by resignation"]

1. d4 d5 2. Nf3 c6 3. e3 Nf6 4. c4 g6 5. Be2 Bg7 6. O-O O-O 7. b3 Bg4 8. Bb2 Nbd7 9. Nbd2 e6 10. h3 Bxf3 11. Nxf3 Ne4 12. Qc2 Rc8 13. Rfd1 Qe7 14. a4 Rfd8 15. Bd3 f5 16. Qe2 g5 17. Ne5 Nxe5 18.
dxe5 Qf7 19. b4 h5 20. f3 Ng3 21. Qf2 h4 22. Bd4 a6 23. Rdc1 Bf8 24. cxd5 cxd5 25. b5 Ba3 26. Rxc8 Rxc8 27. bxa6 bxa6 28. Bxa6 Ra8 29.
Bb5 Qe7 30. Qc2 Kf7 31. Rb1 Bb4 32. Kh2 Ba5 33. Bd3 Qd7 34. Rb5 Rc8 35. Qb1 Bd8 36. Rb7 Rc7 37. Rxc7 Qxc7 38. Qa1 Qa5 39. Bc3 Qa7 40.
Bd4 Qa5 41. Qd1 Be7 42. f4 gxf4 43. exf4 Bb4 44. Bf2 Bd2 45. Bxg3 hxg3+ 46. Kxg3 Qc3 47. Qf3 Qd4 48. Kh2 Bxf4+ 49. g3 Bxe5 50. a5 Qb2+ 51. Be2 Qa2 52. a6 Bd6 53. Qe3 d4 54. Qf3 Kf6 55.
h4 e5 56. Kh3 e4 57. Qh5 d3 58. Qg5+ Ke5 59. Bg4 Qe6 60. a7 d2 61. a8=Q d1=Q 62.
Bxd1 Kd4 63. Qa1+ Kc4 64. Qgc1+ Kb5 65. Qab2+ Bb4 66. Be2+ Ka5 67. Qca1+ Kb6 68. Qxb4+ 1-0

[Event "Late-Titled-Tuesday-Blitz-January-30-2024"]
[Site "Chess.com"]
[Date "2024.01.30"]
[Round "2"]
[White "DefiantChair"]
[Black "penguingm1"]
[Result "1/2-1/2"]
[WhiteElo "2596"]
[BlackElo "2876"]
[TimeControl "180+1"]
[EndTime "14:18:46 PST"]
[Termination "Game drawn - insufficient material"]

1. e4 e5 2. Nf3 Nc6 3. Bb5 g6 4. O-O Bg7 5. c3 a6 6. Ba4 b5 7. Bb3 Na5 8. Bc2 Ne7 9. d4 exd4 10. cxd4 O-O 11. h3 d6 12. Nc3 Bb7 13. b3 c5 14.
Bb2 Rc8 15. d5 Rc7 16. Rb1 Bc8 17. Ne2 Bxb2 18. Rxb2 f5 19. e5 Nb7 20. e6 h6 21.
Nf4 Qe8 22. h4 Kh7 23. Bb1 Rg8 24. h5 g5 25. Ng6 Kg7 26. Qc2 Nxg6 27. Qc3+ Kh7 28.
Bxf5 Qf8 29. hxg6+ Rxg6 30. Qd3 Rg7 31. Nh2 Nd8 32. Re2 Qe7 33. Ng4 h5 34. Qh3 h4 35. Rfe1 Kg8 36. Bxg6 Rxg6 37. Qf3 Bb7 38. Qf5 Kg7 39. Re3 Kh7 40. Rf3 Kg7 41. Qd3 Kg8 42. Ne3 Rxe6 43. dxe6 Bxf3 44. gxf3 Qxe6 45. Qd5 Kf7 46.
Qxe6+ Nxe6 47. Nd5 Nd4 48. Re7+ Kg6 49. Ra7 c4 50. bxc4 bxc4 51. Rxa6 Kf5 52. Rxd6 Ke5 53. Rd8 Ne6 54. Rd7 Nc5 55. Rg7 Kxd5 56. Rxg5+ Kd4 57. Kh2 c3 58. Rg1 Nd3 59. Kh3 c2 60. Kxh4 Nxf2 61. Rc1 Kc3 62. f4 Nd3 63. Rxc2+ Kxc2 64. Kg5 Nxf4 65.
Kxf4 Kc3 66. a4 Kb4 67. a5 Kxa5 1/2-1/2

[Event "Late-Titled-Tuesday-Blitz-January-30-2024"]
[Site "Chess.com"]
[Date "2024.01.30"]
[Round "2"]
[White "GAO"]
[Black "MKlose11"]
[Result "1/2-1/2"]
[WhiteElo "2389"]
[BlackElo "2622"]
[TimeControl "180+1"]
[EndTime "14:18:47 PST"]
[Termination "Game drawn by stalemate"]

1. d4 Nf6 2. e3 g6 3. Nf3 Bg7 4. Be2 c5 5. O-O cxd4 6. exd4 O-O 7. c4 b6 8. Nc3 d5 9. Bg5 Bb7 10. Re1 Nbd7 11. h3 Rc8 12. Qb3 dxc4 13. Bxc4 Bxf3 14. gxf3 Qc7 15. Ba6 Rce8 16. Rac1 Qb8 17. Bh4 Nh5 18.
Nd5 e6 19. Nc7 Rd8 20. d5 Nc5 21. Rxc5 bxc5 22. dxe6 Qxb3 23. axb3 fxe6 24. Nxe6 Rde8 25. Bc4 Kh8 26. Ra1 Rf7 27. Ng5 Rf4 28. Nf7+ Rxf7 29. Bxf7 Rf8 30. Rxa7 Bxb2 31. Bd5 Bd4 32. Rd7 Nf4 33.
Bg3 Nxh3+ 34. Kg2 Nf4+ 35. Bxf4 Rxf4 36. Bc4 Rf5 37. Bd3 Rg5+ 38. Kf1 Rh5 39. Be4 Rh2 40. b4 Rxf2+ 41. Ke1 Rb2 42. bxc5 Bxc5 43. Rc7 Be3 44. Kf1 Bf4 45. Rc8+ Kg7 46. Rc2 Rb4 47. Kg2 Rb6 48.
Kh3 h5 49. Rg2 Kh6 50. Rxg6+ Rxg6 51. Bxg6 Kxg6 52. Kg2 Kg5 53. Kh1 Kh4 54. Kg1 Kh3 55. Kh1 Kg3 56. Kg1 Bg5 57. Kh1 Kf2 58. f4 Bf6 59. f5 Kf1 60. Kh2 Be5+ 61. Kh1 Bf6 62.
Kh2 Ke2 63. Kh1 Kd3 64. Kh2 Kc4 65. Kh1 Kb4 66. Kh2 Ka3 67. Kh1 Ka2 68. Kh2 Ka1 69. Kh1 Kb1 70. Kh2 Kc2 71. Kh1 Kd2 72. Kh2 Ke3 73. Kh1 Kf2 74. Kh2 Kf3 75. Kh1 Kg3 76. Kg1 Kh3 77. Kh1 h4 78. Kg1 Bd4+ 79. Kh1 Kg3 80. f6 Bxf6 81. Kg1 h3 82. Kh1 h2 1/2-1/2

[Event "Late-Titled-Tuesday-Blitz-January-30-2024"]
[Site "Chess.com"]
[Date "2024.01.30"]
[Round "2"]
[White "tarno17"]
[Black "CarlosjPineror"]
[Result "0-1"]
[WhiteElo "2091"]
[BlackElo "2685"]
[TimeControl "180+1"]
[EndTime "14:18:51 PST"]
[Termination "CarlosjPineror won by checkmate"]

1. e4 c5 2. Nf3 e6 3. d3 Nc6 4. Nbd2 d5 5. g3 Nf6 6. Bg2 Be7 7. O-O O-O 8. Re1 b5 9. exd5 exd5 10. d4 Bg4 11. h3 Bh5 12. g4 Bg6 13. c3 cxd4 14.
Nxd4 Nxd4 15. cxd4 Bd6 16. Nf3 Be4 17. Bg5 h6 18. Bh4 g5 19. Nxg5 hxg5 20. Bxg5 Be7 21. Bxf6 Bxf6 22. Bxe4 dxe4 23. Rxe4 Qd5 24. Qf3 Bg7 25.
Rd1 Rad8 26. Qe3 Qxa2 27. Rd2 Qd5 28. h4 f5 29. Re7 fxg4 30. Rc2 Rf3 31. Qe2 Bxd4 32.
Re8+ Rxe8 33. Qxe8+ Rf8 34. Qg6+ Bg7 35. Rc7 Qe5 36.
Rxa7 Qf6 37. Qxf6 Rxf6 38. Ra8+ Kh7 39. Kg2 Rf4 40. Kg3 Rb4 41. Rb8 Bxb2 42. Rb7+ Bg7 43.
h5 Kh6 44. Kh4 Bf6+ 45. Kg3 Kxh5 46. Rb6 Be5+ 47. Kg2 Kg5 48. Re6 Kf5 49. Re8 Rb2 50. Rf8+ Ke4 51. Rg8 g3 52. Rg4+ Kd5 53. Rg5 Rxf2+ 54.
Kg1 Rf3 55. Kh1 Rc3 56. Kg2 b4 57. Rg8 b3 58. Rd8+ Ke4 59. Rd1 b2 60. Re1+ Re3 61. Rb1 Re2+ 62. Kh1 Rc2 63. Re1+ Kf5 64. Rf1+ Bf4 65.
Rg1 Rc1 66. Rxc1 bxc1=Q+ 67. Kg2 Qd2+ 68. Kh3 Qh2# 0-1

[Event "Late-Titled-Tuesday-Blitz-January-30-2024"]
[Site "Chess.com"]
[Date "2024.01.30"]
[Round "2"]
[White "Iana_Shirova"]
[Black "JakubPulpan"]
[Result "0-1"]
[WhiteElo "2350"]
[BlackElo "2710"]
[TimeControl "180+1"]
[EndTime "14:18:53 PST"]
[Termination "JakubPulpan won by checkmate"]

1. e4 a6 2. d4 b5 3. a4 Bb7 4. Nd2 b4 5. Ngf3 e6 6. Bd3 c5 7.
c3 Nf6 8. O-O Be7 9. dxc5 bxc3 10.
bxc3 Bxc5 11. Rb1 Bc6 12. e5 Nd5 13. Ne4 Be7 14. c4 Nb4 15. c5 Nxd3 16. Qxd3 Bxe4 17. Qxe4 Nc6 18. Be3 Qa5 19. Rfc1 O-O 20. Nd2 Rfb8 21. Rb6 Rxb6 22. cxb6 Rb8 23. Nb3 Qxe5 24. Qxe5 Nxe5 25. a5 Nc6 26. Rd1 Rb7 27. Bd2 Kf8 28. Bc3 f6 29.
f4 Ke8 30. Kf2 d5 31. Rc1 Kd7 32. Ke2 Bd6 33. g3 e5 34. Bd2 g6 35. Nc5+ Bxc5 36.
Rxc5 Kd6 37. Rc1 Nd4+ 38. Kd3 Nc6 39. Rb1 Kd7 40. Bb4 Nd4 41. Bc5 Ne6 42. Be3 Nd8 43. h4 Nc6 44. g4 Nxa5 45. fxe5 fxe5 46. h5 Nc4 47. Rg1 Nxe3 48. Kxe3 Rxb6 49. hxg6 hxg6 50. g5 Ke6 51. Ra1 Kf5 52. Kf3 Rb3+ 53. Ke2 Kxg5 54. Rxa6 Kf5 55. Ra4 d4 56. Ra8 Re3+ 57. Kd2 g5 58.
Rf8+ Ke4 59. Rg8 Rg3 60. Ke2 Rg2+ 61. Kf1 Ra2 62. Rxg5 d3 63. Rg4+ Kf3 64. Re4 Kxe4 65. Ke1 Ke3 66. Kd1 Ra1# 0-1

[Event "Late-Titled-Tuesday-Blitz-January-30-2024"]
[Site "Chess.com"]
[Date "2024.01.30"]
[Round "2"]
[White "icychess54"]
[Black "Nouali_Mohamed"]
[Result "1-0"]
[WhiteElo "2244"]
[BlackElo "2490"]
[TimeControl "180+1"]
[EndTime "14:18:53 PST"]
[Termination "icychess54 won by resignation"]

1. c4 Nf6 2. Nc3 g6 3. Nf3 Bg7 4. e3 O-O 5. Be2 d5 6. cxd5 Nxd5 7. O-O c5 8. a3 Nc6 9. Qc2 b6 10. b3 Bb7 11. Bb2 e6 12. Nxd5 Bxb2 13. Qxb2 Qxd5 14.
Rfd1 Rfd8 15. Rac1 e5 16. Bc4 Qd6 17. Ng5 Rd7 18. f4 h6 19. Ne4 Qe7 20. Rf1 Na5 21. fxe5 Bxe4 22. Rxf7 Nxc4 23. Rxe7 Nxb2 24. Rxd7 Nd3 25.
Rf1 Bf5 26. Rxf5 gxf5 27. Rxd3 Re8 28. Rd7 Rxe5 29. Rxa7 Rd5 30. Rb7 Rxd2 31. Rxb6 Re2 32. Rb5 Rxe3 33. a4 f4 34. Rxc5 Rxb3 35. Rc4 f3 36.
Rg4+ Kh7 37. gxf3 Rxf3 38. Kg2 Ra3 39. h3 h5 40. Rb4 Kh6 41. h4 Kg6 42. Kf2 Kf5 43. Ke2 Rg3 44. Kd2 Rg2+ 45. Kc3 Rg3+ 46. Kc4 Kg4 47. Kb5+ Kh3 48. a5 Ra3 49. Ra4 Rb3+ 50.
Kc4 Rb8 51. Kc5 Rc8+ 52. Kb6 Rb8+ 53. Kc7 Rg8 54. a6 Rg7+ 55. Kb6 Rg8 56. a7 Rg6+ 57. Kb7 Rg7+ 58. Kc6 Rg6+ 59. Kd5 Rg8 60. a8=Q Rxa8 61. Rxa8 Kxh4 62. Ke4 Kg3 63. Rg8+ Kh3 64. Kf3 h4 65. Rg4 1-0

[Event "Late-Titled-Tuesday-Blitz-January-30-2024"]
[Site "Chess.com"]
[Date "2024.01.30"]
[Round "2"]
[White "Hrant_ChessMood"]
[Black "Lion-Al-Messi"]
[Result "1-0"]
[WhiteElo "2903"]
[BlackElo "2596"]
[TimeControl "180+1"]
[EndTime "14:18:55 PST"]
[Termination "Hrant_ChessMood won by resignation"]

1. Nf3 Nf6 2. c4 b6 3. Nc3 Bb7 4. d4 e6 5. a3 d5 6. Bg5 Be7 7. Qa4+ Nbd7 8. Bxf6 Bxf6 9. cxd5 exd5 10. e3 a6 11. b4 b5 12. Qc2 O-O 13. Bd3 h6 14.
a4 c6 15. a5 Qe7 16. Rb1 Rae8 17. Ne2 Qd6 18. O-O Be7 19. Ng3 g6 20. e4 dxe4 21. Nxe4 Qc7 22. d5 Rc8 23. Rfc1 Qf4 24. d6 Bxd6 25. g3 Qxf3 26. Nxd6 Rc7 27. Nxb7 Rxb7 28. Be4 Qf6 29. Qxc6 Ra7 30. Kg2 Kg7 31. Qxf6+ Nxf6 32.
Bf3 Rd8 33. Rc6 Rd4 34. Rb3 Nd5 35. Bxd5 Rxd5 36. Kf3 Rd4 37. Ke3 Rd5 38. Rd3 Re5+ 39.
Kd2 Re4 40. Kc3 Rae7 41. Re3 Rxe3+ 42. fxe3 Rxe3+ 43. Kd4 Rb3 44. Rxa6 Rxb4+ 45. Kc5 Rb2 46. Rd6 b4 47. Kb6 Rxh2 48. a6 b3 49. Rd3 Ra2 50.
Rxb3 Kf6 51. Rb5 Rxa6+ 52. Kxa6 h5 53. Ka5 g5 54. Kb4 h4 55. gxh4 gxh4 56. Kc3 h3 57. Rh5 Kg6 58. Rxh3 Kg5 59. Kd2 Kg4 60. Rh8 f5 61.
Ke1 f4 62. Kf1 Kf3 63. Rf8 1-0

[Event "Late-Titled-Tuesday-Blitz-January-30-2024"]
[Site "Chess.com"]
[Date "2024.01.30"]
[Round "2"]
[White "cristianserban1"]
[Black "wild3000"]
[Result "1-0"]
[WhiteElo "2556"]
[BlackElo "2357"]
[TimeControl "180+1"]
[EndTime "14:19:01 PST"]
[Termination "cristianserban1 won by checkmate"]

1. Nf3 d5 2. g3 e6 3. Bg2 Nf6 4. O-O Be7 5. d3 O-O 6. Nbd2 b6 7. e4 Bb7 8. Re1 c5 9. e5 Nfd7 10. Nf1 Nc6 11. h4 Qc7 12. Bf4 b5 13. a3 a5 14. c3 b4 15. axb4 axb4 16. Qd2 Rxa1 17. Rxa1 Ra8 18. Rxa8+ Bxa8 19. N1h2 bxc3 20. bxc3 Qa5 21.
h5 d4 22. c4 Qxd2 23. Nxd2 Bb7 24. g4 Bd8 25. Nb3 Bc7 26. Bg3 Nd8 27. f4 Bxg2 28.
Kxg2 Nc6 29. Kf3 Nb4 30. Ke2 f6 31. exf6 gxf6 32. Nf3 Kf7 33. Nfd2 f5 34. g5 Nc6 35. Nf3 e5 36. fxe5 Ke6 37. g6 hxg6 38. h6 Nf8 39.
Nxc5+ Ke7 40. Ng5 Nxe5 41. h7 Nxh7 42. Nxh7 Bd6 43. Nb3 Nf7 44. Bxd6+ Kxd6 45. Nxd4 Ke5 46. Nf3+ Kf4 47. Nf6 g5 48. Nd5+ Kg4 49. c5 f4 50.
c6 Nd6 51. c7 Nc8 52. Nd4 Kg3 53.
Ne6 Kh4 54. Kf3 Kh5 55. d4 Kg6 56. Kg4 f3 57. Kxf3 Kf5 58. Nc5 Kg6 59. Ne3 Kf6 60. Nd5+ Kf5 61. Nd7 Ke6 62. N5b6 Nd6 63. d5+ Kf5 64.
c8=Q g4+ 65. Kg3 Nxc8 66. Nxc8 Ke4 67. d6 Kd5 68. Nf6+ Ke6 69. d7 Kxf6 70. d8=Q+ Kf7 71. Qh4 Ke6 72. Qxg4+ Kf6 73. Nb6 Ke5 74. Nc4+ Kd5 75.
Nb2 Ke5 76. Nd1 Kd5 77. Nf2 Ke5 78. Nh1 Kf6 79. Qf4+ Ke6 80. Qg5 Kd6 81. Qf5 Ke7 82.
Qg6 Kd7 83. Qf6 Kc7 84. Qe6 Kb7 85. Qd6 Ka7 86. Qc6 Kb8 87. Qd7 Ka8 88. Kf4 Kb8 89.
Ke5 Ka8 90. Kd6 Kb8 91. Kc6 Ka8 92. Qb7# 1-0

[Event "Late-Titled-Tuesday-Blitz-January-30-2024"]
[Site "Chess.com"]
[Date "2024.01.30"]
[Round "2"]
[White "JaackCamel"]
[Black "vladoboch"]
[Result "0-1"]
[WhiteElo "2143"]
[BlackElo "2475"]
[TimeControl "180+1"]
[EndTime "14:19:08 PST"]
[Termination "vladoboch won by resignation"]

1. d4 Nf6 2. c4 g6 3. Nc3 Bg7 4. e4 d6 5. Nf3 O-O 6. Be2 e5 7. Be3 Nc6 8. d5 Ne7 9. Nd2 Ne8 10. b4 f5 11. f3 f4 12. Bf2 c6 13. a4 a5 14. b5 cxd5 15. cxd5 b6 16. Nc4 Rb8 17. Rc1 g5 18. Qb3 h5 19. h3 Ng6 20. Kd2 Rf7 21. Kc2 Nf8 22. Kb2 Nd7 23. Ka2 Nc5 24. Qa3 Bf8 25. Nb2 Nf6 26. Bc4 Rc7 27. Nd3 Nfd7 28.
Nxc5 Nxc5 29. Nd1 Bd7 30. Nb2 Rbc8 31. Be1 Qf6 32. Bd2 Be7 33. Nd3 Nxe4 34. fxe4 Rxc4 35. Rxc4 Rxc4 36. Re1 g4 37. hxg4 hxg4 38. Nb2 Rc5 39. Nd3 Rc8 40. Qb3 Kg7 41. Rh1 Rh8 42. Rc1 f3 43.
gxf3 Qxf3 44. Rc7 Rd8 45. Qc2 Kf7 46. Nxe5+ dxe5 47. d6 Bxd6 48. Qc4+ Ke7 49. Bg5+ Ke8 50. Qg8+ Qf8 51. Qg6+ Qf7+ 52. Qxf7+ Kxf7 53. Bxd8 Bxc7 54.
Bxc7 g3 55. Bxe5 g2 56. Bd4 Kg6 57. Bxb6 Kg5 58. Kb3 Kg4 59. Kc4 Kf3 60. Kd5 Bxb5 61. axb5 a4 62. e5 a3 63. e6 a2 64. Bd4 a1=Q 65. Bxa1 g1=Q 66. Be5 Qg5 67. Kd6 Qd8+ 68. Kc6 Qe8+ 69. Kd6 Ke4 70. e7 Qxb5 71. Ke6 Qxe5+ 72. Kf7 Qf5+ 73. Ke8 Qc8+ 74. Kf7 Qd7 75. Kf8 Qd6 76. Kf7 Qd7 77. Kf8 Qf5+ 78. Kg7 Qg5+ 79. Kf8 Qf6+ 80. Ke8 Kd5 81. Kd8 Qd6+ 82. Ke8 Ke6 83. Kf8 Qxe7+ 84. Kg8 Kf6 0-1

[Event "Late-Titled-Tuesday-Blitz-January-30-2024"]
[Site "Chess.com"]
[Date "2024.01.30"]
[Round "2"]
[White "emeli_chess"]
[Black "Matthew_Clarke"]
[Result "1-0"]
[WhiteElo "2482"]
[BlackElo "2154"]
[TimeControl "180+1"]
[EndTime "14:19:10 PST"]
[Termination "emeli_chess won by resignation"]

1. d4 d5 2. c4 e6 3. Nc3 Nf6 4.
Bg5 Be7 5. e3 O-O 6. Nf3 h6 7.
Bh4 Ne4 8. Bxe7 Qxe7 9. Bd3 Nxc3 10. bxc3 dxc4 11. Bxc4 Nd7 12. O-O e5 13. dxe5 Nxe5 14.
Nxe5 Qxe5 15. Qd4 Qe7 16. Rfd1 Bf5 17. Be2 Rfd8 18. Qb4 c5 19. Qf4 Be4 20. Bc4 Bc2 21.
Rxd8+ Rxd8 22. Rc1 Bg6 23. h3 Qd6 24. Qxd6 Rxd6 25.
Re1 Rd2 26. Re2 Rd1+ 27. Kh2 Rc1 28. Bd5 b5 29. Rb2 a6 30. Bb7 Rxc3 31. Bxa6 b4 32. Bb7 Kf8 33. e4 Ke7 34. f4 f6 35. Bd5 Bf7 36. Bxf7 Kxf7 37. Rd2 Ke6 38. Rd5 c4 39. Rb5 b3 40. axb3 Rxb3 41. Rc5 Rc3 42. g4 g5 43. f5+ Kd6 44. Rc8 Ke5 45. Rc6 Kxe4 46. Rxf6 Rc2+ 47. Kg3 c3 48. Rc6 Rc1 49. f6 Kd3 50. Kf2 Rc2+ 51.
Kf3 Rc1 52. Rd6+ Kc2 53. Ke2 Ra1 54. f7 Ra8 55. Rc6 Rf8 56. Rc7 Kb3 57. Kd3 Kb4 58.
Rc4+ Kb5 59. Rxc3 Rxf7 60. Ke4 Rf4+ 61. Ke5 Kb4 62. Rc6 h5 63. gxh5 g4 64. hxg4 Rxg4 65.
Kf5 Rh4 66. h6 1-0

[Event "Late-Titled-Tuesday-Blitz-January-30-2024"]
[Site "Chess.com"]
[Date "2024.01.30"]
[Round "2"]
[White "josmito10"]
[Black "StellarChess"]
[Result "1-0"]
[WhiteElo "2809"]
[BlackElo "2556"]
[TimeControl "180+1"]
[EndTime "14:19:18 PST"]
[Termination "josmito10 won by resignation"]

1. e4 g6 2. d4 Bg7 3. Nc3 c6 4.
Nf3 d5 5. Bf4 dxe4 6. Nxe4 Nf6 7. Nxf6+ exf6 8. Be2 O-O 9. O-O Re8 10. Re1 Nd7 11. h3 Nf8 12. Bc4 Be6 13. Bxe6 Nxe6 14.
Bg3 Qd7 15. c3 Rad8 16. Qb3 b6 17. Rad1 Qd5 18. c4 Qd7 19. d5 Nc5 20. Rxe8+ Rxe8 21. Qc2 f5 22. b4 Ne4 23. d6 c5 24. bxc5 Nxg3 25. c6 Qxc6 26. fxg3 Rd8 27. Qd3 Bf6 28. d7 Kg7 29. g4 fxg4 30. hxg4 h6 31. Kh1 a6 32. Qd5 Qxd5 33. Rxd5 Kf8 34. Rd6 Ke7 35. Rxb6 Rxd7 36. Rxa6 Rd1+ 37. Kh2 Rc1 38. Ra7+ Kf8 39. Rc7 Rc3 40. c5 Kg7 41. Rc8 Ra3 42. c6 Rxa2 43. Kg3 g5 44. Ne1 Ra3+ 45. Kf2 Rc3 46. Ke2 Be5 47.
Nd3 Rc2+ 48. Kf3 f6 49. Ke4 Rxg2 50. Nxe5 fxe5 51. Kf5 Rf2+ 52. Kxe5 Rc2 53. Kf5 Rc5+ 54. Ke6 Rc4 55. Kd5 Rc1 56. Re8 Rd1+ 57. Ke6 Rc1 58. Kd7 Kf7 59. Re4 Kg6 60. c7 h5 61. Re6+ Kf7 62.
Rc6 Rd1+ 63. Rd6 Rc1 64. gxh5 g4 65. Rg6 Rd1+ 66. Kc8 Rd4 67. Kb7 Rb4+ 68. Rb6 Rc4 69. Rc6 Rb4+ 70. Ka6 Ra4+ 71. Kb5 Ra8 72. c8=Q Rxc8 73.
Rxc8 Kf6 74. Rg8 Kf5 75. h6 1-0

[Event "Late-Titled-Tuesday-Blitz-January-30-2024"]
[Site "Chess.com"]
[Date "2024.01.30"]
[Round "2"]
[White "Kleyton_Lima"]
[Black "Seochesspie"]
[Result "0-1"]
[WhiteElo "2580"]
[BlackElo "2860"]
[TimeControl "180+1"]
[EndTime "14:19:24 PST"]
[Termination "Seochesspie won on time"]

1. e4 c5 2. Nf3 d6 3. d4 cxd4 4. Nxd4 Nf6 5. Nc3 a6 6. Bg5 Nbd7 7. Bc4 Qb6 8. Bb3 e6 9. Bxf6 Nxf6 10. Qd2 Bd7 11.
O-O-O O-O-O 12. f4 Qc7 13. Kb1 Be7 14. f5 e5 15. Nf3 Bc6 16. Ng5 d5 17. Nxf7 dxe4 18.
Nxd8 Rxd8 19. Qe2 Rd4 20. Rhe1 Bb4 21. a3 Ba5 22. g4 h6 23. h4 Qe7 24. g5 hxg5 25.
hxg5 Nd7 26. Qh5 Kc7 27. Be6 Bxc3 28. bxc3 Rxd1+ 29. Rxd1 e3 30. Bxd7 Bxd7 31. Rd3 Bxf5 32.
Rxe3 Qxa3 33. Qe2 Qb3+ 34. Kc1 Qa3+ 35. Kd2 Qd6+ 36. Ke1 e4 37. Qc4+ Kb8 38. Qd4 Qf4 39.
Qd8+ Ka7 40. Qd4+ Kb8 41. Qd8+ Bc8 42. Qd4 Qxg5 43. Qxe4 Qg1+ 44. Kd2 Qf2+ 45. Kc1 Qf1+ 46. Kb2 Qb5+ 47. Qb4 Qc6 48. Rd3 g5 49. Qd6+ Qxd6 50.
Rxd6 g4 51. Rg6 Kc7 52. c4 Bf5 53. Rf6 Bd7 54. Rg6 Bf5 55. Rg5 Bd7 56. Kc3 Kd6 57. Kd4 b6 58. Rg6+ Kc7 59. Kd5 a5 60. c5 bxc5 61.
Kxc5 a4 62. Kb4 Kd8 63. c4 Ke7 64. Kc5 Kf7 65. Rg5 a3 66. Kd6 a2 67. Ra5 Be6 68. Ra7+ Kf6 69. Rxa2 Bxc4 70. Rf2+ Kg5 71. Ke5 g3 72. Rg2 Kg4 73. Ke4 Ba6 74. Ke3 Bb7 75.
Rg1 Kh3 76. Ke2 Kh2 77. Kf1 Ba6+ 78. Ke1 Kxg1 0-1

[Event "Late-Titled-Tuesday-Blitz-January-30-2024"]
[Site "Chess.com"]
[Date "2024.01.30"]
[Round "2"]
[White "bazar-wokzal"]
[Black "Kacparov"]
[Result "0-1"]
[WhiteElo "2604"]
[BlackElo "2935"]
[TimeControl "180+1"]
[EndTime "14:19:27 PST"]
[Termination "Kacparov won by resignation"]

1. e4 c5 2. c3 d6 3. d4 Nf6 4.
Bd3 Nc6 5. d5 Nb8 6. f4 e6 7. c4 exd5 8. cxd5 c4 9. Bc2 Be7 10.
Nf3 O-O 11. O-O Qb6+ 12. Kh1 Bg4 13. Nc3 Nbd7 14. h3 Bxf3 15. Qxf3 Qc7 16. Be3 a6 17. a4 b5 18. axb5 axb5 19. Nxb5 Qb7 20. Nd4 Rxa1 21. Rxa1 Qxb2 22. Rb1 Qc3 23. Rc1 Qa3 24. Nc6 Bd8 25.
e5 Nxd5 26. Qe4 g6 27. Bd2 Qc5 28. Nxd8 Rxd8 29. e6 N7f6 30. exf7+ Kxf7 31. Qf3 Re8 32. f5 Ne3 33. fxg6+ hxg6 34. Bxe3 Qxe3 35. Qf1 Kg7 36. Rd1 d5 37. Bb1 Qe5 38. Qf3 d4 39. Qb7+ Re7 40. Qc6 c3 41. Bd3 Qe6 42. Qc5 Rd7 43. Bc4 Qd6 44. Qb5 Ne4 45. Kg1 c2 46. Rc1 d3 47. Bxd3 Qd4+ 48. Kh2 Qxd3 49. Qxd3 Rxd3 50.
Rxc2 Kf6 51. Ra2 Nd6 52. Ra5 Nf5 53. Kg1 Rd1+ 54. Kf2 Rd2+ 55. Kf3 Nh4+ 56. Kg3 Nxg2 57. Ra6+ Kg7 58. h4 Ne3 59. Kf3 Nf5 60. Kf4 Ne7 61. Ra7 Kf6 62. Ra6+ Kf7 63. Ra7 Rd4+ 64. Kg5 Rd5+ 65.
Kg4 Kf6 66. Ra6+ Kf7 67. Ra7 Re5 68. Rb7 Kf6 69. Rb6+ Kg7 70. Rb7 Kh6 71. Rb8 Nd5 72.
Rh8+ Kg7 73. Ra8 Nf6+ 74. Kg3 Re3+ 75. Kf4 Re4+ 76. Kg3 Rg4+ 77. Kh3 Rc4 78. Ra6 Nh5 79. Rb6 Rc3+ 80. Kg2 Nf4+ 81. Kf2 Kh6 82. Rb4 Nd3+ 0-1